 Dungeon Crawl Stone Soup version 0.28.0-53-g5a82cb258f (webtiles) character file.

Game seed: 16188976717206774986

47 nickcage the Slasher (level 3, -9/28 HPs)
             Began as a Formicid Gladiator on June 27, 2022.
             Mangled by Crazy Yiuf
             ... wielding a +4 quarterstaff of chaos
              (13 damage)
             ... on level 2 of the Dungeon.
             The game lasted 00:04:01 (1722 turns).

nickcage the Slasher (Formicid Gladiator)           Turns: 1722, Time: 00:04:01

Health: -9/28      AC:  3    Str: 20    XL:     3   Next: 97%
Magic:  3/3        EV: 12    Int:  7    God:
Gold:   85         SH:  0    Dex: 12    Spells: 2/2 levels left

rFire   . . .      SeeInvis +   a - +0 long sword
rCold   . . .      Faith    .   (no shield)
rNeg    . . .      Spirit   .   b - +0 leather armour
rPois   .          Reflect  .   (helmet unavailable)
rElec   .          Harm     .   (no cloak)
rCorr   .          Rampage  .   (no gloves)
Will    .....                   (no boots)
Stlth   +.........              (no amulet)
HPRegen 0.09/turn               (no ring)
MPRegen 0.08/turn               (no ring)

@: no status effects
A: permanent stasis, dig shafts and tunnels, antennae 3, four strong arms
a: Dig, Shaft Self


You were on level 2 of the Dungeon.
You visited 1 branch of the dungeon, and saw 2 of its levels.

You collected 85 gold pieces.

Inventory:

Hand Weapons
 a - a +0 long sword (weapon)
Missiles
 c - 3 throwing nets
 d - 2 boomerangs (quivered)
 g - 10 poisoned darts
Armour
 b - a +0 leather armour (worn)
Jewellery
 h - a ring of fire
Scrolls
 e - 2 scrolls of identify {unknown}
Potions
 f - a potion of lignification {unknown}
 i - a potion of brilliance {unknown}
 j - 2 potions of resistance {unknown}
 k - a potion of curing {unknown}
 l - a potion of might {unknown}


   Skills:
 + Level 2.4 Fighting
 * Level 4.4 Long Blades
 - Level 2.0 Throwing
 - Level 2.6 Dodging


You had 2 spell levels left.
You didn't know any spells.
Your spell library contained the following spells:

 Spells                   Type           Power      Damage    Failure   Level
 Call Canine Familiar     Summ           0%         N/A       86%         3
 Portal Projectile        Hex/Tloc       0%         N/A       86%         3
 Leda's Liquefaction      Hex/Erth       0%         N/A       99%         4


Dungeon Overview and Level Annotations

Branches:
Dungeon (2/15)

Altars:

Annotations:
D:2 Crazy Yiuf


Innate Abilities, Weirdness & Mutations

You cannot be hasted, slowed, berserked, paralysed or teleported.
You can dig through walls and to a lower floor.
You have a pair of large antennae on your head. (SInv)
Your four strong arms can wield two-handed weapons with a shield.


Message History

No target in view!
You sense a monster nearby.
A kobold comes into view. It is wielding a +0 dagger.
The kobold shouts!
An endoplasm comes into view.
The endoplasm quivers.
You barely miss the kobold. The kobold completely misses you.
You hit the kobold.
The kobold is severely wounded.
The kobold hits you with a +0 dagger.
You hit the kobold.
You kill the kobold!
The endoplasm freezes you.
You are frozen.
Things that are here:
a +0 dagger; a kobold corpse You hit the endoplasm but do no damage.
The endoplasm freezes you.
You are frozen.
You slash the endoplasm!
You kill the endoplasm!
No target in view!
Found a glowing mace.
Found a runed translucent door.
You sense a monster nearby.
You open the door. You closely miss Crazy Yiuf. Crazy Yiuf misses you.
You hit Crazy Yiuf.
Crazy Yiuf is lightly wounded.
Crazy Yiuf yells, "Two spinner meccalolo!"
Crazy Yiuf hits you with a +4 quarterstaff of chaos.
Crazy Yiuf hits you with a +4 quarterstaff of chaos!!
Ouch! That really hurt!
* * * LOW HITPOINT WARNING * * *
You barely miss Crazy Yiuf.
Crazy Yiuf is lightly wounded.
Crazy Yiuf completely misses you.
You closely miss Crazy Yiuf.
Crazy Yiuf is lightly wounded.
Crazy Yiuf hits you with a +4 quarterstaff of chaos!
You die...

###..###.#######
.........#
###..###.# #### #.#
#.# ♣♣♣♣♣##.## ###
♣♣♣.♣......#
#...#♣..♣.......# #
#...g@♣♣♣♣......# #
#)..#♣♣ ♣♣....## #
### ♣♣#### # # #
#### ### # #(.# #.#
#
###########..####.#
#
#.................#


You could see Crazy Yiuf.

Vanquished Creatures
  A dart slug (D:2)
  7 endoplasms
  2 giant cockroaches (D:1)
  3 goblins
  4 hobgoblins
  4 jackals (D:1)
  2 quokkas
  5 ball pythons
  3 bats
  2 kobolds (D:2)
  6 rats (D:1)
39 creatures vanquished.

Notes
Turn   | Place    | Note
-------+----------+-------------------------------------------
     0 | D:1      | nickcage the Formicid Gladiator began the quest for the
                  | Orb.
     0 | D:1      | Reached XP level 1. HP: 16/16 MP: 1/1
   226 | D:1      | Reached XP level 2. HP: 11/22 MP: 2/2
   703 | D:1      | Reached XP level 3. HP: 28/28 MP: 3/3
   722 | D:1      | Reached skill level 4 in Long Blades
  1714 | D:2      | Found a runed translucent door.
  1715 | D:2      | Noticed Crazy Yiuf
  1722 | D:2      | Mangled by Crazy Yiuf

Illustrated notes

Levels and vault maps discovered:
D:1:      onia_arrival_handbag, layout_basic
D:2:      layout_loops_ring, uniq_crazy_yiuf_cottage

Skill      XL: |  1  2  3 |
---------------+----------+-----
Long Blades    | 4 |  4.4
Fighting       | |  2.4
Throwing       | |  2.0
Dodging        | |  2.6

Action                   || total
-------------------------++-------
Melee: Long sword        ||    97
Throw: Boomerang         ||     6
 Stab: Sleeping          ||     1
Armor: Leather armour    ||    23
Dodge: Dodged            ||    66
